 Seeded DCSS version 0.30-a0-304-gdc4b735fe1 (webtiles) character file.

Game seed: 452596964315409404 (custom seed)

45 koil the Sneak (level 3, -3/18 HPs)
             Began as a Spriggan Brigand on Oct 21, 2022.
             Killed from afar by Sigmund (8 damage)
             ... with a puff of flame
             ... on level 2 of the Dungeon.
             The game lasted 00:04:08 (1131 turns).

koil the Sneak (Spriggan Brigand)                   Turns: 1131, Time: 00:04:08

Health: -3/18      AC:  3    Str:  7    XL:     3   Next: 42%
Magic:  6/6        EV: 17    Int: 14    God:
Gold:   43         SH:  0    Dex: 16    Spells: 4/4 levels left

rFire   . . .      SeeInvis +    a - +2 dagger
rCold   . . .      Faith    .    (no shield)
rNeg    . . .      Spirit   .    b - +0 robe
rPois   .          Reflect  .    (helmet restricted)
rElec   .          Harm     .    c - +0 cloak
rCorr   .          Rampage  .    (gloves unavailable)
Will    .....                    (boots unavailable)
Stlth   +++.......               (no amulet)
HPRegen 0.23/turn                (no ring)
MPRegen 0.10/turn                (no ring)

@: very quick
A: very small, no large weapons, unfitting armour, see invisible, speed 3
a: no special abilities


You were on level 2 of the Dungeon.
You visited 1 branch of the dungeon, and saw 2 of its levels.

You collected 43 gold pieces.

Inventory:

Hand Weapons
 a - a +2 dagger (weapon)
Missiles
 d - 9 poisoned darts (quivered)
Armour
 b - a +0 robe (worn)
 c - a +0 cloak (worn)
Magical Staves
 f - a staff of fire
Scrolls
 g - a scroll of summoning {unknown}
 h - a scroll of vulnerability {unknown}
 j - 2 scrolls of poison {unknown}
 k - a scroll of fear {unknown}
 l - a scroll of noise {unknown}
 m - a scroll of identify {unknown}
Potions
 i - a potion of lignification {unknown}
 n - a potion of ambrosia {unknown}


   Skills:
 + Level 2.0 Fighting
 + Level 2.7 Short Blades
 - Level 2.0 Throwing
 + Level 2.3 Dodging
 + Level 6.3 Stealth
 + Level 1.3 Spellcasting


You had 4 spell levels left.
You didn't know any spells.
Your spell library was empty.

Dungeon Overview and Level Annotations

Branches:
Dungeon (2/15)

Altars:

Shops:
D:2 [

Annotations:
D:2 1 exclusion, Sigmund


Innate Abilities, Weirdness & Mutations

You are very small and have problems with some larger weapons.
You are too small for most types of armour.
You have supernaturally acute eyesight. (SInv)
You cover ground extremely quickly. (Speed+++)


Message History

Sigmund is moderately wounded.
Throw: dart (curare)
Press: ? - help, Q - select action, (/) - cycle Shift-Dir - straight line, f/p - Sigmund
Aim: Sigmund, wielding a +0 scythe, wearing a +0 robe and carrying a wand of flame (10) (moderately wounded, very poisoned, slow, 58% to hit)
You throw a curare-tipped dart.
The curare-tipped dart closely misses Sigmund.
Throw: 14 darts (poison)
Press: ? - help, Q - select action Shift-Dir - straight line, f/p - Sigmund
Aim: Sigmund, wielding a +0 scythe, wearing a +0 robe and carrying a wand of flame (10) (heavily wounded, very poisoned, slow, 58% to hit)
You throw a poisoned dart.
The poisoned dart closely misses Sigmund.
Sigmund drinks a potion.
Sigmund is healed!
Sigmund looks more healthy.
Throw: 13 darts (poison)
Press: ? - help, Q - select action Shift-Dir - straight line, f/p - Sigmund
Aim: Sigmund, wielding a +0 scythe, wearing a +0 robe and carrying a wand of flame (10) (lightly wounded, slow, 58% to hit)
You throw a poisoned dart.
The poisoned dart barely misses Sigmund.
Throw: 12 darts (poison)
Press: ? - help, Q - select action Shift-Dir - straight line, f/p - Sigmund
Aim: Sigmund, wielding a +0 scythe, wearing a +0 robe and carrying a wand of flame (10) (lightly wounded, slow, 58% to hit)
You throw a poisoned dart. The poisoned dart hits Sigmund.
Sigmund is poisoned.
Sigmund is lightly wounded.
Throw: 11 darts (poison)
Press: ? - help, Q - select action Shift-Dir - straight line, f/p - Sigmund
Aim: Sigmund, wielding a +0 scythe, wearing a +0 robe and carrying a wand of flame (10) (lightly wounded, poisoned, slow, 58% to hit)
You throw a poisoned dart. The poisoned dart hits Sigmund.
Sigmund looks even sicker.
Sigmund is lightly wounded.
Sigmund mumbles some strange words.
Sigmund flickers and vanishes for a moment.
Throw: 10 darts (poison)
Press: ? - help, Q - select action Shift-Dir - straight line, f/p - Sigmund
Aim: Sigmund, wielding a +0 scythe, wearing a +0 robe and carrying a wand of flame (10) (moderately wounded, slightly transparent, very poisoned, slow, 58% to hit)
You throw a poisoned dart. The poisoned dart hits Sigmund.
Sigmund looks even sicker.
Sigmund is moderately wounded.
Sigmund says, "I'm your fate." Sigmund casts a spell at you.
The puff of flame hits you!
You die...

##)∩.#..# ##........##
#......>## ##......## #
#..####..# ###.#### #
#...####.#########)# #.
#
#....†............<####
#. #
#...####...####.......#
.#### #...#
#......#.......# ..#!.
#...# ##..##.........#
#.#.# #.###
##.#####@####.# #.#@#
### #.# ###.####.#
#.#.# #.###.#.#.##.#
#...# #.)#..#.#..###
#.@## ##.##..#.#.P#
#.## #####..##P.#.#bP#
#.# #.....###..#.#P.#
#.# ####### #.P#@#..#
##.# #P.#(#.P# #..#


You could see Sigmund (invisible, very poisoned, slow).

Vanquished Creatures
  An adder (D:2)
  A worm (D:2)
  2 ball pythons (D:1)
  An endoplasm (D:1)
  3 giant cockroaches
  A hobgoblin (D:1)
  A quokka (D:1)
  2 bats (D:1)
  2 frilled lizards (D:1)
  3 goblins
  14 kobolds
  2 rats (D:1)
33 creatures vanquished.

Vanquished Creatures (others)
  7 toadstools (D:2)
7 creatures vanquished.

Grand Total: 40 creatures vanquished

Notes
Turn   | Place    | Note
-------+----------+-------------------------------------------
     0 | D:1      | koil the Spriggan Brigand began the quest for the Orb.
     0 | D:1      | Reached XP level 1. HP: 10/10 MP: 2/2
   194 | D:1      | Reached skill level 6 in Stealth
   304 | D:1      | Reached XP level 2. HP: 15/15 MP: 2/4
   488 | D:1      | Reached skill level 1 in Spellcasting
   836 | D:2      | Found Tiaxt's Armour Shop.
   883 | D:2      | Reached XP level 3. HP: 18/18 MP: 5/5
  1050 | D:2      | Noticed Sigmund
  1131 | D:2      | Killed from afar by Sigmund

Illustrated notes

Levels and vault maps discovered:
D:1:      dpeg_arrival_oval, layout_loops_ring, nrook_mini_backslash
D:2:      cheibrodos_fertilizer, layout_rooms, serial_aquarium,
          aquarium_bridge_straight [aquarium_subvault_bridge,
          aquarium_subvault_wall, aquarium_subvault_bridge,
          aquarium_subvault_balcony], aquarium_window_corner,
          aquarium_window_corridor_3, aquarium_window_2, aquarium_window_fake,
          aquarium_view_2e, aquarium_balcony_5a, serial_shops,
          nicolae_shop_stone, uniq_natasha, uniq_robin, uniq_sigmund

Skill      XL: |  1  2  3 |
---------------+----------+-----
Stealth        | 6 |  6.3
Dodging        | 2 |  2.3
Spellcasting   | 1 |  1.3
Fighting       | 2 |  2.0
Short Blades   | |  2.7
Throwing       | |  2.0

Action                   || total
-------------------------++-------
Melee: Dagger            ||    82
Throw: Dart              ||    12
 Stab: Sleeping          ||    11
Armor: Robe              ||    12
Dodge: Dodged            ||    54

Table legend: (Time is in decaauts)
 A = Elapsed time spent in this place.
 B = Non-inter-level travel time spent in this place.
 C = Inter-level travel time spent in this place.
 D = Time resting spent in this place.
 E = Time spent auto-exploring this place.
 F = Levels seen in this place.
 G = Mean time per level.
                   A        B        C        D        E       F      G
               +--------+--------+--------+--------+--------+-----+--------+
         Total |    765 |    759 |      6 |     23 |    537 |   2 |  382.5 |
       Dungeon |    765 |    759 |      6 |     23 |    537 |   2 |  382.5 |
               +--------+--------+--------+--------+--------+-----+--------+

Top non-repeatable levels by time:
     D:1: 468 daAuts
     D:2: 296 daAuts
